 Dungeon Crawl Stone Soup version 0.28-a0-664-gc179e30c89 (webtiles) character file.

Game seed: 2716471850034809611

66 ytrimaz the Ducker (level 4, -1/31 HPs)
             Began as an Octopode Fighter on Oct 16, 2021.
             Slain by Sigmund (3 damage)
             ... on level 3 of the Dungeon.
             The game lasted 00:02:32 (2356 turns).

ytrimaz the Ducker (Octopode Fighter)               Turns: 2356, Time: 00:02:32

Health: -1/31      AC:  5    Str: 15    XL:     4   Next: 15%
Magic:  4/4        EV: 14    Int: 10    God:
Gold:   44         SH:  5    Dex: 12    Spells: 0/3 levels left

rFire   . . .      SeeInvis .   a - +0 rapier
rCold   . . .      Faith    .   b - +0 buckler
rNeg    + . .      Spirit   .   (helmet restricted)
rPois   .          Reflect  .   (no amulet)
rElec   .          Harm     .   l - ring of positive energy
rCorr   .          Rampage  .   m - +4 ring of protection
Will    .....                   (no ring)
Stlth   ++........              (no ring)
HPRegen 0.10/turn               (no ring)
MPRegen 0.09/turn               (no ring)
                                (no ring)
                                (no ring)

@: no status effects
A: almost no armour, amphibious, 8 rings, camouflage 1, gelatinous body 1,
(nimble swimmer 1), tentacles
a: no special abilities


You were on level 3 of the Dungeon.
You visited 1 branch of the dungeon, and saw 3 of its levels.

You collected 44 gold pieces.

Inventory:

Hand Weapons
 a - a +0 rapier (weapon)
Armour
 b - a +0 buckler (worn)
Jewellery
 l - a ring of positive energy (left tentacle)
 m - a +4 ring of protection (right tentacle)
Scrolls
 d - 2 scrolls of identify {unknown}
 f - a scroll of enchant weapon {unknown}
 i - a scroll of amnesia {unknown}
 j - 2 scrolls of teleportation {unknown}
 n - a scroll of immolation {unknown}
Potions
 c - a potion of might
 e - a potion of berserk rage {unknown}
 g - a potion of magic {unknown}
 h - 2 potions of curing {unknown}
 k - a potion of resistance {unknown}
 o - a potion of ambrosia {unknown}


   Skills:
 - Level 3.0 Fighting
 - Level 2.0 Short Blades
 * Level 4.1 Dodging
 - Level 4.0 Shields


You couldn't memorise any spells.
You knew the following spells:

 Your Spells              Type           Power      Damage    Failure   Level
a - Swiftness             Air            0%         N/A       75%         3

Your spell library contained the following spells:

 Spells                   Type           Power      Damage    Failure   Level
 Shock                    Conj/Air       0%         1d3       36%         1
 Airstrike                Air            0%         N/A       98%         4


Dungeon Overview and Level Annotations

Branches:
Dungeon (3/15)

Altars:

Shops:
D:1 ?

Annotations:
D:3 Sigmund


Innate Abilities, Weirdness & Mutations

You cannot wear most types of armour.
You are amphibious.
You can wear up to eight rings at the same time.
Your skin changes colour to match your surroundings (Stealth+).
Your rubbery body absorbs attacks. (AC +1, EV +1)
((You are camouflaged near water. (Stealth+)))
You have tentacles for arms and can constrict up to eight enemies at once.


Message History

You see here a frilled lizard corpse.
Found a mace.
Found a faded altar of an unknown god.
n - a scroll labelled JIQIAC BACOG A frilled lizard comes into view.
A worm comes into view.
The worm bites you.
The frilled lizard hisses angrily.
You hit the worm. You grab the worm. You squeeze the worm!
The worm is heavily wounded.
You constrict the worm. The frilled lizard misses you.
You block the worm's attack.
You hit the worm.
The worm is almost dead.
You constrict the worm.
You kill the worm!
You block the frilled lizard's attack.
You closely miss the frilled lizard. You grab the frilled lizard.
You constrict the frilled lizard.
You kill the frilled lizard!
You see here a +0 mace.
A rat comes into view.
A rat is nearby!
A rat is nearby!
Found a viscous inky potion.
The helpless rat fails to defend itself.
You puncture the rat!
You kill the rat!
o - a viscous inky potion Sigmund the Dreaded comes into view.
He is wielding a +4 scythe of freezing.
Sigmund is nearby!
Sigmund shouts!
Sigmund hits you with a +4 scythe of freezing!
Sigmund freezes you.
You completely miss Sigmund. Your grab misses Sigmund.
You closely miss Sigmund. You grab Sigmund. You constrict Sigmund.
Sigmund hits you with a +4 scythe of freezing!
* * * LOW HITPOINT WARNING * * *
Sigmund freezes you.
You die...

......##...........#
########...........#
# +...........# #
#...........# #
#...........#### #
#............... #
##........#### #
########.# #@# #@#
#.# #.# #.# #.# #.#
#.#


You could see Sigmund.

Vanquished Creatures
  An adder (D:2)
  2 worms
  A dart slug (D:1)
  7 ball pythons
  3 endoplasms (D:1)
  3 giant cockroaches
  4 goblins
  7 hobgoblins
  3 quokkas
  3 bats
  5 frilled lizards
  4 kobolds
  5 rats
48 creatures vanquished.

Notes
Turn   | Place    | Note
-------+----------+-------------------------------------------
     0 | D:1      | ytrimaz the Octopode Fighter began the quest for the Orb.
     0 | D:1      | Reached XP level 1. HP: 16/16 MP: 1/1
   218 | D:1      | Reached XP level 2. HP: 14/21 MP: 2/2
   664 | D:1      | Found Releatih's Magic Scroll Boutique.
  1002 | D:1      | Reached XP level 3. HP: 25/26 MP: 3/3
  1929 | D:2      | Reached XP level 4. HP: 31/31 MP: 4/4
  2157 | D:2      | Learned a level 3 spell: Swiftness
  2264 | D:3      | Found a faded altar of an unknown god.
  2352 | D:3      | Noticed Sigmund
  2356 | D:3      | Slain by Sigmund

Illustrated notes

Levels and vault maps discovered:
D:1:      giann_wishing_wells, layout_loops_ring, serial_shops,
          nicolae_shop_statue_plus
D:2:      layout_loops_ring
D:3:      layout_basic, chequers_ecumenical_altar_island, serial_shops, shop,
          uniq_jessica, uniq_sigmund

Skill      XL: |  1  2  3 |
---------------+----------+-----
Dodging        | 4 |  4.1
Shields        | 4 |  4.0
Fighting       | |  3.0
Short Blades   | |  2.0

Action                   |  1- 3 |  4- 6 || total
-------------------------+-------+-------++-------
Melee: Rapier            |    79 |    11 ||    90
       Constrict         |    19 |     4 ||    23
       Tentacles         |     6 |     3 ||     9
 Stab: Sleeping          |     9 |     1 ||    10
       Distracted        |     1 |       ||     1
Armor: Skin              |    10 |       ||    10
Dodge: Dodged            |    29 |     6 ||    35
Block: Buckler           |    15 |     2 ||    17

Table legend: (Time is in decaauts)
 A = Elapsed time spent in this place.
 B = Non-inter-level travel time spent in this place.
 C = Inter-level travel time spent in this place.
 D = Time resting spent in this place.
 E = Time spent auto-exploring this place.
 F = Levels seen in this place.
 G = Mean time per level.
                   A        B        C        D        E       F      G
               +--------+--------+--------+--------+--------+-----+--------+
         Total |   2364 |   2280 |     84 |      0 |   1898 |   3 |  788.0 |
       Dungeon |   2364 |   2280 |     84 |      0 |   1898 |   3 |  788.0 |
               +--------+--------+--------+--------+--------+-----+--------+

Top non-repeatable levels by time:
     D:1: 1356 daAuts
     D:2: 881 daAuts
     D:3: 126 daAuts
